 Dungeon Crawl Stone Soup version 0.29.1-12-g30fa7ad0bf (webtiles) character file.

Game seed: 8813964750884488029

2213 cdecastro the Ruffian (level 9, -2/74 HPs)
             Began as a Ghoul Monk on Jan 15, 2023.
             Was an Elder of Qazlal.
             Slain by a small abomination (10 damage)
             ... on level 1 of the Abyss.
             The game lasted 00:13:46 (6585 turns).

cdecastro the Ruffian (Ghoul Monk)                  Turns: 6585, Time: 00:13:47

Health: -2/74      AC:  8    Str: 19    XL:     9   Next: 35%
Magic:  12/12      EV: 10    Int:  5    God:    Qazlal [****..]
Gold:   305        SH:  5    Dex: 11    Spells: 8/8 levels left

rFire   . . .      SeeInvis .     - Unarmed
rCold   + . .      Faith    .   (no shield)
rNeg    + + +      Spirit   .   s - +0 scale mail
rPois   ∞          Reflect  .   (no helmet)
rElec   .          Harm     .   v - +0 cloak
rCorr   .          Rampage  .   D - +0 pair of gloves
Will    .....                   (no boots)
Stlth   ..........              (no amulet)
HPRegen 0.00/turn               (no ring)
MPRegen 0.13/turn               (no ring)

@: inhibited regen, repel missiles
A: claws 1, cold resistance 1, negative energy resistance 3, inhibited
regeneration, torment resistance 2, devour on kill
a: Renounce Religion, Upheaval, Elemental Force


You were on level 1 of the Abyss.
You worshipped Qazlal.
Qazlal was greatly pleased with you.
You visited 1 branch of the dungeon, and saw 7 of its levels.
You visited the Abyss 1 time.

You collected 305 gold pieces.

Inventory:

Hand Weapons
 b - a +0 sling
 y - a +3 flail of protection
Missiles
 x - 16 poisoned darts
 A - 2 silver javelins
Armour
 a - a +0 robe
 f - a +0 ring mail
 p - a +0 plate armour
 s - a +0 scale mail (worn)
 v - a +0 cloak (worn)
 B - a scarf of resistance
 D - a +0 pair of gloves (worn)
 F - a +0 helmet
 J - a +0 pair of boots
Wands
 o - a wand of paralysis (6)
 H - a wand of flame (9)
Scrolls
 c - 8 scrolls of identify {unknown}
 e - 2 scrolls of brand weapon {unknown}
 g - 5 scrolls of teleportation {unknown}
 h - 3 scrolls of poison {unknown}
 i - a scroll of magic mapping {unknown}
 j - 2 scrolls of fear {unknown}
 k - 3 scrolls of immolation {unknown}
 q - 2 scrolls of amnesia {unknown}
 t - 3 scrolls of enchant armour {unknown}
 z - a scroll of vulnerability {unknown}
 E - a scroll of enchant weapon {unknown}
 I - a scroll of butterflies {unknown}
Potions
 d - 3 potions of might {unknown}
 l - 2 potions of degeneration {unknown}
 m - 2 potions of lignification {unknown}
 n - a potion of heal wounds {unknown}
 r - 3 potions of brilliance {unknown}
 u - a potion of ambrosia
 w - a potion of magic {unknown}
 C - a potion of curing {unknown}
 G - a potion of resistance {unknown}


   Skills:
 - Level 5.0 Fighting
 - Level 5.0 Ranged Weapons
 - Level 2.6 Dodging
 - Level 2.1 Stealth
 - Level 7.1 Unarmed Combat
 + Level 6.6 Invocations
 - Level 5.0 Evocations


You had 8 spell levels left.
You didn't know any spells.
Your spell library contained the following spells:

 Spells                   Type           Power      Damage    Failure   Level
 Gell's Gravitas          Tloc           0%         N/A       99%         3
 Lesser Beckoning         Tloc           0%         N/A       99%         3
 Ozocubu's Armour         Ice            0%         N/A       99%         3
 Teleport Other           Tloc           0%         N/A       99%         3
 Metabolic Englaciation   Hex/Ice        0%         N/A       100%        5
 Simulacrum               Ice/Necr       0%         N/A       100%        6


Dungeon Overview and Level Annotations

Branches:
Dungeon (7/15)
 Temple: D:4-7

Altars:
Dithmenos
Makhleb
Okawaru
Qazlal
Uskayaw
Wu Jian
Xom

Shops:
D:2 (   D:5 [


Innate Abilities, Weirdness & Mutations

You are immune to poison.
You have sharp fingernails.
Your flesh is cold resistant. (rC+)
You are immune to negative energy. (rN+++)
You do not regenerate when monsters are visible.
You are immune to unholy pain and torment.
You thrive by killing the living.


Message History

Unknown command.
The gnoll bouda attacks as you move away!
The gnoll bouda hits you with a staff of conjuration.
* * * LOW HITPOINT WARNING * * *
Press: ? - help, v - describe, . - travel
Here: a gnoll, wielding a +2 spear of distortion (lightly wounded, covering ground quickly)
The floor.
Unknown command.
Unknown command.
You hit the gnoll but do no damage.
The gnoll is lightly wounded.
The gnoll hits you with a +0 flail.
* * * LOW HITPOINT WARNING * * *
The gnoll hits you with a +2 spear of distortion.
* * * LOW HITPOINT WARNING * * *
You are cast into the Abyss!
This branch contains the abyssal rune of Zot.
Okay, then.
Unknown command.
You start resting.
Your attacks no longer feel as feeble.
You start resting.
A small abomination comes into view.
A glowing orange brain comes into view.
You hit the small abomination.
You punch the small abomination, but do no damage.
The small abomination is moderately damaged.
The small abomination barely misses you.
You hit the small abomination but do no damage.
The small abomination is moderately damaged.
The small abomination hits you!!
* * * LOW HITPOINT WARNING * * *
You hit the small abomination.
The small abomination is moderately damaged.
The small abomination hits you but does no damage.
Unknown command.
You barely miss the small abomination.
The small abomination is moderately damaged.
The small abomination hits you!
You die...

# #.. .. ... .##.
#.. ......# ....
#.. .#######....
#................
#.. ..
........... #
.... .###........
... .####G#......
# ..###@#.## #..
. .......#x##
#..#. .#.####.#.#
... ... .°. .
....# ...# ..###.
..#.# # #. #.....
. ###### .


You could see a small abomination.

Vanquished Creatures
  Pikel (D:3)
  Edmund (D:4)
  A sky beast (D:7)
  3 black bears (D:5)
  An ice beast (D:4)
  2 ogres
  A kobold brigand (D:6)
  A necrophage (D:7)
  A bullfrog (D:6)
  3 scorpions
  3 howler monkeys
  A gnoll bouda (D:6)
  A hound (D:6)
  4 orc priests
  5 orc wizards
  2 iguanas (D:6)
  3 adders
  5 gnolls
  A shadow imp (D:6)
  An ufetubus (D:5)
  3 worms
  3 dart slugs
  18 orcs
  2 ball pythons
  6 endoplasms
  2 giant cockroaches
  4 goblins
  7 hobgoblins
  4 quokkas
  A bat (D:2)
  3 frilled lizards
  7 kobolds
  7 rats
108 creatures vanquished.

Vanquished Creatures (others)
  An orc (D:6)
1 creature vanquished.

Grand Total: 109 creatures vanquished

Notes
Turn   | Place    | Note
-------+----------+-------------------------------------------
     0 | D:1      | cdecastro the Ghoul Monk began the quest for the Orb.
     0 | D:1      | Reached XP level 1. HP: 19/19 MP: 0/0
   217 | D:1      | Reached XP level 2. HP: 24/26 MP: 1/1
   338 | D:1      | Reached skill level 4 in Unarmed Combat
   518 | D:1      | Found a faded altar of an unknown god.
   526 | D:1      | Prayed at the altar of an unknown god.
   526 | D:1      | Became a worshipper of Qazlal Stormbringer
   526 | D:1      | Reached * piety under Qazlal
   526 | D:1      | Reached ** piety under Qazlal
   595 | D:2      | Found Zoyskuweck's Weapon Shop.
   685 | D:2      | Reached *** piety under Qazlal
   686 | D:2      | Reached XP level 3. HP: 31/31 MP: 2/2
  1292 | D:2      | Reached skill level 5 in Unarmed Combat
  1444 | D:3      | Found an iron altar of Okawaru.
  1447 | D:3      | Noticed an ogre
  1491 | D:3      | Reached XP level 4. HP: 24/38 MP: 3/3
  1631 | D:3      | Reached skill level 6 in Unarmed Combat
  1817 | D:3      | Reached XP level 5. HP: 43/45 MP: 4/4
  1966 | D:3      | Killed an ogre
  1967 | D:3      | Reached skill level 7 in Unarmed Combat
  2474 | D:3      | Reached XP level 6. HP: 51/51 MP: 5/5
  2620 | D:4      | Noticed Edmund
  2840 | D:4      | Killed Edmund
  2978 | D:4      | Noticed Pikel
  3029 | D:3      | Killed Pikel
  3030 | D:3      | Reached skill level 5 in Invocations
  3030 | D:3      | Reached XP level 7. HP: 21/57 MP: 7/9
  3030 | D:3      | Reached XP level 8. HP: 23/63 MP: 7/10
  3751 | D:5      | Entered Level 5 of the Dungeon
  4032 | D:4      | Reached skill level 5 in Ranged Weapons
  4070 | D:5      | Reached skill level 5 in Fighting
  4332 | D:5      | Reached skill level 1 in Evocations
  5133 | D:5      | Found Akuemnu's Antique Armour Shoppe.
  5320 | D:6      | Reached XP level 9. HP: 74/74 MP: 11/11
  5344 | D:6      | Found a shimmering altar of Xom.
  5355 | D:6      | Reached **** piety under Qazlal
  5382 | D:6      | Found a hide-covered altar of Uskayaw.
  5383 | D:6      | Found a burning altar of Makhleb.
  5384 | D:6      | Found an ornate altar of the Wu Jian Council.
  5384 | D:6      | Found a shadowy altar of Dithmenos.
  5449 | D:6      | Reached skill level 5 in Evocations
  6530 | Abyss:1  | Cast into level 1 of the Abyss (gnoll)
  6579 | Abyss:1  | Noticed a glowing orange brain
  6585 | Abyss:1  | Slain by a small abomination

Illustrated notes

Levels and vault maps discovered:
D:1:      nzn_arrival_water_spiral, layout_rooms,
          dilly_ecumenical_altar_fadedgnrine, minmay_misc_feat_enclosed
D:2:      layout_loops_cross, serial_shops, nicolae_shop_bloodbath_and_beyond,
          minmay_misc_feat_cross
D:3:      layout_loops_ring, okawaru_gym_becter, patterned_corridor
D:4:      layout_basic, uniq_pikel, uniq_edmund
D:5:      layout_cave_pools, serial_shops, nicolae_stop_n_shop_1
D:6:      layout_loops_ring, grunt_temple_overflow_open
D:7:      layout_rooms, minmay_temple_entry_statues_pillars,
          uniq_crazy_yiuf_cottage
Abyss:1:  base:
D:7

Skill      XL: |  1  2  3  4  5  6  7  8  9 |
---------------+----------------------------+-----
Unarmed Combat | 4 5 6 7 |  7.1
Invocations    | 5 6 |  6.6
Ranged Weapons | 3 5 |  5.0
Fighting       | 5 |  5.0
Evocations     | 4 5 |  5.0
Dodging        | |  2.6
Stealth        | |  2.1

Action                   |  1- 3 |  4- 6 |  7- 9 || total
-------------------------+-------+-------+-------++-------
Melee: Unarmed           |    88 |    93 |   239 ||   420
       Punch             |     2 |     1 |     8 ||    11
 Fire: Sling             |       |    23 |    25 ||    48
 Stab: Sleeping          |     4 |       |       ||     4
Armor: Robe              |     7 |       |       ||     7
       Ring mail         |     2 |    14 |       ||    16
       Scale mail        |       |    15 |   106 ||   121
Dodge: Dodged            |    35 |    46 |   110 ||   191
       Repelled          |       |       |     1 ||     1
Block: Other             |     8 |    14 |    54 ||    76
